 Dungeon Crawl Stone Soup version 0.29-a0-91-gdebf4667c2 (webtiles) character file.

Game seed: 14152250798484256887

293 lordive the Conjurer (level 6, -4/32 HPs)
             Began as a Gargoyle Conjurer on Feb 7, 2022.
             Killed from afar by a steam dragon (14 damage)
             ... with a ball of steam
             ... on level 3 of the Dungeon.
             The game lasted 00:05:54 (4430 turns).

lordive the Conjurer (Gargoyle Conjurer)            Turns: 4430, Time: 00:05:56

Health: -4/32      AC:  7    Str: 11    XL:     6   Next: 33%
Magic:  7/11       EV: 12    Int: 20    God:
Gold:   90         SH:  0    Dex:  8    Spells: 9/12 levels left

rFire   . . .      SeeInvis .   i - +4 mace (protect)
rCold   . . .      Faith    .   (no shield)
rNeg    + . .      Spirit   .   a - +0 robe
rPois   ∞          Reflect  .   (no helmet)
rElec   +          Harm     .   (no cloak)
rCorr   .          Rampage  .   l - +0 pair of gloves
Will    .....                   (no boots)
Stlth   ++........              (no amulet)
HPRegen 0.10/turn               (no ring)
MPRegen 0.12/turn               (no ring)

@: no status effects
A: sickness immunity, AC +4, negative energy resistance 1, electricity
resistance, torment resistance 1, petrification resistance
a: no special abilities


You were on level 3 of the Dungeon.
You visited 1 branch of the dungeon, and saw 3 of its levels.

You collected 90 gold pieces.

Inventory:

Hand Weapons
 i - a +4 mace of protection (weapon)
Armour
 a - a +0 robe (worn)
 c - a +0 leather armour
 l - a +0 pair of gloves (worn)
Jewellery
 e - a +6 ring of intelligence
 j - an amulet of faith
Scrolls
 d - 4 scrolls of identify {unknown}
 g - a scroll of holy word {unknown}
 m - a scroll of enchant weapon {unknown}
Potions
 b - a potion of heal wounds {unknown}
 f - a potion of flight {unknown}
 h - a potion of degeneration {unknown}
 k - 2 potions of curing {unknown}


   Skills:
 + Level 0.2 Fighting
 + Level 0.1 Maces & Flails
 + Level 2.1 Dodging
 + Level 2.9 Stealth
 + Level 3.9 Spellcasting
 + Level 6.3 Conjurations


You had 9 spell levels left.
You knew the following spells:

 Your Spells              Type           Power      Damage    Failure   Level
a - Magic Dart            Conj           100%       1d8       1%          1
b - Searing Ray           Conj           58%        2d6       1%          2

Your spell library contained the following spells:

 Spells                   Type           Power      Damage    Failure   Level
 Dazzling Flash           Conj/Hex       32%        N/A       11%         3
 Fulminant Prism          Conj/Hex       8%         3d7       34%         4
 Iskenderun's Mystic Bla  Conj/Tloc      16%        2d5       34%         4


Dungeon Overview and Level Annotations

Branches:
Dungeon (3/15)

Altars:
Gozag
Kikubaaqudgha

Shops:
D:2 *

Annotations:
D:2 1 runed translucent door, Crazy Yiuf
D:3 HallandMoats's ghost, weakling VSFi


Innate Abilities, Weirdness & Mutations

You are immune to sickness and miasma.
Your stone body is resilient. (AC +4)
You are immune to poison.
You resist negative energy. (rN+)
You are resistant to electric shocks. (rElec)
You are resistant to unholy torment.
You are immune to petrification.


Message History

The orc shouts!
You hear a shout!
The goblin shouts!
HallandMoats's ghost shouts, "What do you have that I didn't have?"
The steam dragon hisses angrily.
You see here a +0 robe.
Key pressed, stopping explore.
The orc shouts!
You hear an angry hiss.
The steam dragon hisses angrily.
There is an open door here.
Could not explore, unopened runed door.
Could not explore, unopened runed door.
Could not explore, unopened runed door.
HallandMoats's ghost says, "My insurmountable tactics guarantee your defeat."
You open the gate. The steam dragon breathes steam at you.
The ball of steam hits the goblin!!
The goblin dies!
The ball of steam hits you!!
Ouch! That really hurt!
Casting: Magic Dart (safe; 1% risk of failure)
Confirm with . or Enter, or press ? or * to list all spells.
Aiming: Searing Ray (safe; 1% risk of failure)
Press: ? - help, Shift-Dir - straight line The searing ray hits the steam dragon.
The steam dragon is lightly wounded. (Press . to maintain the ray.) Unknown command.
The searing ray hits the steam dragon.
The steam dragon is moderately wounded.
The searing ray hits the goblin.
The goblin is heavily wounded.
The steam dragon closely misses you. The steam dragon claws you.
Unknown command.
The searing ray hits the steam dragon.
The steam dragon is heavily wounded.
The searing ray hits the goblin.
You kill the goblin!
The searing ray misses the orc.
The steam dragon breathes steam at you. The ball of steam hits you!
You die...

.# #..# #.# #.#.#.# #..). .# #..#
#.###.#.#.###.#)# .# #..#
#..#######....... .# #..#
######.8∩8.####.#.. .#########..#
#...#......∩# #.#). ............#
#.###8..8.$8###.#.. .#..........#
#.# #..$_..∩#...#..
##.############.####$....##...#)#
................@D)##)''##....#.#
##.############.###o..........#..
#.# #.# #§..........#.# #.#
##.###'#..######....
#.###########........#######....
#.##................'.....##..##
#.##.########.......#####.#.....
#.##.################ #.###.##
#.##..............# #.# #.#


You could see a steam dragon (catching breath) and an orc.

Vanquished Creatures
  A bullfrog (D:3)
  Jessica (D:2)
  An orc wizard (D:2)
  Terence (D:2)
  A hound zombie (D:3)
  Robin (D:3)
  An adder (D:2)
  3 worms (D:2)
  3 dart slugs
  11 orcs
  7 bats
  5 endoplasms
  8 giant cockroaches
  15 hobgoblins
  A quokka (D:2)
  6 ball pythons
  2 frilled lizards (D:3)
  16 goblins
  3 kobolds
  A rat (D:1)
88 creatures vanquished.

Vanquished Creatures (others)
  A goblin (D:3)
  4 fungi (D:2)
  4 plants (D:2)
9 creatures vanquished.

Grand Total: 97 creatures vanquished

Notes
Turn   | Place    | Note
-------+----------+-------------------------------------------
     0 | D:1      | lordive the Gargoyle Conjurer began the quest for the Orb.
     0 | D:1      | Reached XP level 1. HP: 10/10 MP: 3/3
   277 | D:1      | Reached XP level 2. HP: 15/15 MP: 1/5
   333 | D:1      | Learned a level 2 spell: Searing Ray
   594 | D:1      | Reached skill level 5 in Conjurations
   741 | D:1      | Reached XP level 3. HP: 19/19 MP: 0/6
  1337 | D:2      | Noticed Terence
  1505 | D:2      | Killed Terence
  1506 | D:2      | Reached XP level 4. HP: 22/24 MP: 1/7
  1912 | D:2      | Found Axiuhara's General Store.
  2087 | D:2      | Found a faded altar of an unknown god.
  2126 | D:2      | Found a runed translucent door.
  2127 | D:2      | Noticed Crazy Yiuf
  2231 | D:2      | Found an ancient bone altar of Kikubaaqudgha.
  2447 | D:2      | Reached XP level 5. HP: 24/28 MP: 3/9
  2607 | D:2      | Noticed Jessica
  2609 | D:2      | Killed Jessica
  2767 | D:2      | Reached skill level 6 in Conjurations
  3229 | D:3      | Noticed Robin
  3249 | D:3      | Killed Robin
  3613 | D:3      | Reached XP level 6. HP: 32/32 MP: 5/11
  3940 | D:3      | Found a runed translucent gate.
  3940 | D:3      | Found a runed translucent gate.
  3942 | D:3      | Found a runed translucent gate.
  3943 | D:3      | Found an opulent altar of Gozag.
  3945 | D:3      | Noticed a steam dragon
  3945 | D:3      | Noticed HallandMoats's ghost (weakling VSFi)
  4430 | D:3      | Killed from afar by a steam dragon

Illustrated notes

Levels and vault maps discovered:
D:1:      eino_arrival_water_cross, layout_basic
D:2:      layout_basic, dreamdust_ecumenical_altar_grove, serial_shops,
          nicolae_shop_stone, basic_altar, uniq_jessica, uniq_terence,
          uniq_crazy_yiuf_cottage
D:3:      layout_basic, ebering_ghost_gozag, uniq_robin

Skill      XL: |  1  2  3  4  5 |
---------------+----------------+-----
Conjurations   | 5 6 |  6.3
Spellcasting   | 3 |  3.9
Dodging        | 2 |  2.1
Fighting       | |  0.2
Maces & Flails | |  0.1
Stealth        | |  2.9

Action                   |  1- 3 |  4- 6 || total
-------------------------+-------+-------++-------
Melee: Unarmed           |     7 |     5 ||    12
       Mace              |       |     9 ||     9
 Cast: Magic Dart        |    62 |    79 ||   141
       Searing Ray       |     2 |    14 ||    16
Armor: Robe              |     7 |    18 ||    25
Dodge: Dodged            |    17 |    21 ||    38

Table legend: (Time is in decaauts)
 A = Elapsed time spent in this place.
 B = Non-inter-level travel time spent in this place.
 C = Inter-level travel time spent in this place.
 D = Time resting spent in this place.
 E = Time spent auto-exploring this place.
 F = Levels seen in this place.
 G = Mean time per level.
                   A        B        C        D        E       F      G
               +--------+--------+--------+--------+--------+-----+--------+
         Total |   4433 |   4345 |     88 |    117 |   3652 |   3 | 1477.7 |
       Dungeon |   4433 |   4345 |     88 |    117 |   3652 |   3 | 1477.7 |
               +--------+--------+--------+--------+--------+-----+--------+

Top non-repeatable levels by time:
     D:2: 1781 daAuts
     D:3: 1430 daAuts
     D:1: 1221 daAuts
